General information
- name: BNet
- type: Ladder team game (AT/RT)
- host: Battle.net
- saver: BigJake
map: DragonFalls
- players: 8
- length: 47:10
- speed: Fast
- version: 1.26 W3XP
- replay type: Public
» download(238 KB)
Players
team 1 (winner)
orcblood (
green | 32 APM | 1532 actions | 47:10)
5 Archmage
2 Summon Water Elemental
2 Brilliance Aura
1 Blizzard
3 Paladin
1 Divine Shield
1 Devotion Aura
1 Holy Light
» actions
| Assign group hotkey | 7 | |
| Basic commands | 249 | |
| Build / train | 111 | |
| Enter build submenu | 37 | |
| Enter hero's abilities submenu | 9 | |
| Give item / drop item | 1 | |
| Right click | 331 | |
| Select / deselect | 532 | |
| Select group hotkey | 137 | |
| Use ability | 117 | |
1532 total
» units
| Peasant | 29 | |
| Footman | 17 | |
| Goblin Shredder | 1 | |
| Priest | 2 | |
| Sorceress | 2 | |
| Knight | 6 | |
| Flying Machine | 3 | |
| Siege Engine | 8 | |
| Hippogryph | 2 | |
70 total
» upgrades
| Defend | 1 | |
| Masonry | 1 | |
| Swords | 1 | |
| Plating | 1 | |
| Sorceress Training | 3 | |
| Priest Training | 2 | |
| Lumber Harvesting | 1 | |
| Animal War Training | 1 | |
| Barrage | 1 | |
12 total
» buildings
| Altar of Kings | 1 | |
| Barracks | 2 | |
| Farm | 9 | |
| Scout Tower | 9 | |
| Lumber Mill | 1 | |
| Arcane Tower | 1 | |
| Guard Tower | 9 | |
| Town Hall | 4 | |
| Keep | 1 | |
| Blacksmith | 1 | |
| Arcane Vault | 2 | |
| Castle | 1 | |
| Arcane Sanctum | 2 | |
| Workshop | 3 | |
46 total
» build order
00:04 Altar of Kings
00:25 Barracks
00:40 Farm
00:58 Farm
01:26 Scout Tower
01:38 Lumber Mill
01:59 Arcane Tower
02:14 Scout Tower
02:45 Farm
02:49 Guard Tower
03:47 Farm
04:30 Town Hall
04:56 Scout Tower
04:57 Scout Tower
05:03 Scout Tower
05:34 Guard Tower
05:38 Scout Tower
05:39 Scout Tower
06:05 Guard Tower
06:07 Scout Tower
06:10 Guard Tower
06:10 Guard Tower
06:30 Guard Tower
07:23 Keep
07:40 Blacksmith
07:42 Guard Tower
08:01 Guard Tower
08:35 Arcane Vault
08:56 Arcane Vault
09:36 Farm
09:51 Castle
10:08 Farm
10:13 Arcane Sanctum
10:15 Arcane Sanctum
11:16 Barracks
12:16 Workshop
12:39 Farm
12:41 Farm
15:00 Scout Tower
15:46 Guard Tower
15:49 Workshop
16:19 Workshop
16:46 Farm
22:09 Town Hall
24:04 Town Hall
25:59 Town Hall
» items
| Scroll of Healing | 1 | |
| Scroll of Protection | 1 | |
| Scroll of Regeneration | 1 | |
| Scroll of Town Portal | 2 | |
| Orb of Fire | 1 | |
| Potion of Healing | 1 | |
7 total
ZELDA-FANBOY. (
red | 60 APM | 2823 actions | 47:07)
6 Blademaster
3 Wind Walk
2 Critical Strike
1 Bladestorm
» actions
| Assign group hotkey | 64 | |
| Basic commands | 174 | |
| Build / train | 59 | |
| Enter build submenu | 32 | |
| Enter hero's abilities submenu | 6 | |
| Give item / drop item | 11 | |
| Right click | 1160 | |
| Select / deselect | 239 | |
| Select group hotkey | 918 | |
| Use ability | 160 | |
2823 total
» units
| Peon | 12 | |
| Grunt | 3 | |
| Goblin Shredder | 4 | |
| Wind Rider | 7 | |
| Green Dragon | 1 | |
| Goblin Zeppelin | 5 | |
32 total
» upgrades
| Reinforced Defenses | 1 | |
| Envenomed Spears | 1 | |
| Ranged Weapons | 2 | |
| Armor | 2 | |
6 total
» buildings
| Altar of Storms | 1 | |
| Orc Burrow | 8 | |
| Barracks | 1 | |
| Voodoo Lounge | 1 | |
| Stronghold | 3 | |
| Great Hall | 4 | |
| War Mill | 1 | |
| Fortress | 2 | |
| Watch Tower | 29 | |
| Beastiary | 6 | |
56 total
» build order
00:09 Altar of Storms
00:23 Orc Burrow
00:38 Barracks
01:24 Orc Burrow
01:57 Voodoo Lounge
03:01 Stronghold
04:02 Great Hall
04:23 War Mill
04:39 Orc Burrow
05:06 Orc Burrow
06:30 Fortress
07:13 Watch Tower
07:14 Watch Tower
07:17 Watch Tower
07:28 Beastiary
07:29 Beastiary
07:45 Watch Tower
07:57 Watch Tower
08:32 Watch Tower
08:32 Watch Tower
08:33 Watch Tower
08:33 Watch Tower
10:28 Beastiary
10:58 Orc Burrow
12:10 Watch Tower
12:11 Watch Tower
12:12 Watch Tower
12:12 Watch Tower
12:13 Watch Tower
12:13 Watch Tower
13:40 Great Hall
13:44 Great Hall
13:47 Watch Tower
13:47 Watch Tower
13:48 Watch Tower
13:48 Watch Tower
14:55 Watch Tower
14:55 Watch Tower
14:56 Watch Tower
16:48 Watch Tower
16:48 Watch Tower
17:10 Stronghold
17:10 Stronghold
18:43 Beastiary
18:44 Beastiary
20:09 Orc Burrow
20:58 Great Hall
21:20 Watch Tower
21:46 Beastiary
21:48 Fortress
22:00 Watch Tower
22:00 Watch Tower
22:01 Watch Tower
22:27 Watch Tower
23:03 Orc Burrow
23:04 Orc Burrow
» items
| Healing Salve | 2 | |
| Staff of Teleportation | 1 | |
| Tiny Great Hall | 1 | |
| Scroll of Town Portal | 2 | |
| Potion of Lesser Invulnerability | 1 | |
| Boots of Speed | 1 | |
8 total

»
SAINT_SEIYA (
orange | 61 APM | 2160 actions | 35:10)
7 Mountain King
3 Storm Bolt
3 Bash
1 Avatar
» actions
| Assign group hotkey | 26 | |
| Basic commands | 132 | |
| Build / train | 131 | |
| Enter build submenu | 22 | |
| Enter hero's abilities submenu | 7 | |
| Give item / drop item | 3 | |
| Right click | 1362 | |
| Select / deselect | 290 | |
| Select group hotkey | 104 | |
| Use ability | 83 | |
2160 total
» units
| Peasant | 7 | |
| Footman | 5 | |
| Rifleman | 13 | |
| Mortar Team | 14 | |
| Siege Engine | 13 | |
| Flying Machine | 17 | |
69 total
» upgrades
| Swords | 1 | |
| Long Rifles | 1 | |
| Lumber Harvesting | 1 | |
| Flare | 1 | |
| Barrage | 1 | |
| Fragmentation Shards | 1 | |
| Flak Cannons | 1 | |
| Flying Machine Bombs | 1 | |
8 total
» buildings
| Altar of Kings | 1 | |
| Farm | 13 | |
| Barracks | 1 | |
| Lumber Mill | 1 | |
| Scout Tower | 1 | |
| Arcane Vault | 1 | |
| Guard Tower | 5 | |
| Blacksmith | 1 | |
| Keep | 2 | |
| Castle | 1 | |
| Workshop | 2 | |
| Town Hall | 1 | |
30 total
» build order
00:10 Altar of Kings
00:12 Farm
00:52 Barracks
01:10 Farm
01:34 Lumber Mill
01:53 Scout Tower
02:20 Arcane Vault
02:34 Farm
02:40 Guard Tower
02:40 Guard Tower
02:40 Guard Tower
02:40 Guard Tower
02:50 Blacksmith
03:21 Farm
04:20 Keep
04:20 Keep
04:25 Farm
05:13 Farm
06:48 Castle
06:53 Workshop
06:59 Workshop
07:22 Farm
07:52 Farm
10:44 Farm
12:52 Farm
14:00 Farm
15:03 Farm
20:15 Farm
24:11 Town Hall
» items
| Scroll of Regeneration | 8 | |
| Boots of Speed | 1 | |
| Potion of Healing | 3 | |
| Scroll of Town Portal | 3 | |
15 total
fearmeplz-puff (
purple | 34 APM | 1042 actions | 30:35)
6 Keeper of the Grove
3 Entangling Roots
2 Thorns Aura
1 Tranquility
5 Priestess of the Moon
3 Trueshot Aura
2 Searing Arrows
» actions
| Assign group hotkey | 7 | |
| Basic commands | 103 | |
| Build / train | 89 | |
| Enter build submenu | 33 | |
| Enter hero's abilities submenu | 11 | |
| Right click | 355 | |
| Select / deselect | 282 | |
| Select group hotkey | 68 | |
| Use ability | 94 | |
1042 total
» units
| Wisp | 31 | |
| Archer | 6 | |
| Dryad | 9 | |
| Druid of the Claw | 11 | |
| Hippogryph | 2 | |
59 total
» upgrades
| Abolish Magic | 1 | |
| Druid of the Claw Training | 2 | |
| Strength of the Wild | 2 | |
| Well Spring | 1 | |
| Reinforced Hides | 2 | |
| Mark of the Claw | 1 | |
9 total
» buildings
| Altar of Elders | 1 | |
| Moon Well | 8 | |
| Ancient of War | 1 | |
| Ancient of Wonders | 1 | |
| Tree of Ages | 3 | |
| Hunter's Hall | 1 | |
| Ancient of Lore | 2 | |
| Tree of Life | 4 | |
| Ancient Protector | 10 | |
| Tree of Eternity | 1 | |
| Ancient of Wind | 2 | |
34 total
» build order
00:12 Altar of Elders
00:20 Moon Well
01:21 Ancient of War
01:38 Moon Well
01:47 Ancient of Wonders
02:38 Tree of Ages
02:38 Tree of Ages
02:38 Tree of Ages
03:18 Moon Well
04:28 Hunter's Hall
05:53 Ancient of Lore
05:57 Ancient of Lore
06:07 Tree of Life
06:53 Ancient Protector
06:57 Ancient Protector
06:59 Ancient Protector
07:54 Moon Well
08:46 Tree of Eternity
10:02 Moon Well
10:06 Moon Well
11:58 Ancient Protector
12:56 Ancient Protector
13:49 Moon Well
14:55 Moon Well
15:28 Ancient Protector
16:11 Tree of Life
16:15 Tree of Life
22:59 Tree of Life
23:04 Ancient Protector
23:06 Ancient Protector
23:09 Ancient Protector
23:13 Ancient Protector
27:29 Ancient of Wind
27:49 Ancient of Wind
» items
team 2 (loser)

»
mooner (
blue | 29 APM | 1371 actions | 47:10)
1 Death Knight
1 Unholy Aura
» actions
| Basic commands | 38 | |
| Build / train | 93 | |
| Enter build submenu | 41 | |
| Enter hero's abilities submenu | 1 | |
| Remove unit from queue | 9 | |
| Right click | 833 | |
| Select / deselect | 295 | |
| Use ability | 61 | |
1371 total
» units
| Acolyte | 19 | |
| Ghoul | 23 | |
| Peasant | 8 | |
| Knight | 6 | |
56 total
» upgrades
| Unholy Strength | 2 | |
| Unholy Armor | 2 | |
| Plating | 1 | |
| Gunpowder | 1 | |
6 total
» buildings
| Crypt | 5 | |
| Ziggurat | 17 | |
| Graveyard | 2 | |
| Nerubian Tower | 2 | |
| Spirit Tower | 4 | |
| Altar of Darkness | 1 | |
| Halls of the Dead | 2 | |
| Tomb of Relics | 1 | |
| Sacrificial Pit | 1 | |
| Black Citadel | 1 | |
| Necropolis | 1 | |
| Town Hall | 3 | |
| Scout Tower | 6 | |
| Guard Tower | 11 | |
| Lumber Mill | 1 | |
| Blacksmith | 1 | |
59 total
» build order
00:24 Crypt
00:28 Ziggurat
00:58 Graveyard
01:45 Ziggurat
02:26 Ziggurat
03:21 Nerubian Tower
03:25 Spirit Tower
03:33 Spirit Tower
03:47 Altar of Darkness
04:24 Ziggurat
04:42 Ziggurat
05:26 Halls of the Dead
05:45 Spirit Tower
09:02 Tomb of Relics
09:03 Spirit Tower
09:11 Sacrificial Pit
13:04 Black Citadel
13:19 Ziggurat
13:20 Ziggurat
13:22 Ziggurat
13:39 Ziggurat
13:40 Ziggurat
13:42 Ziggurat
14:24 Necropolis
16:42 Crypt
16:44 Crypt
16:53 Crypt
16:54 Crypt
16:59 Ziggurat
18:57 Graveyard
19:09 Nerubian Tower
19:43 Halls of the Dead
19:51 Ziggurat
20:05 Ziggurat
20:51 Ziggurat
20:52 Ziggurat
21:04 Ziggurat
28:25 Town Hall
29:23 Scout Tower
29:38 Guard Tower
32:09 Scout Tower
33:16 Guard Tower
33:16 Guard Tower
33:17 Guard Tower
33:28 Scout Tower
33:47 Guard Tower
33:58 Scout Tower
34:15 Guard Tower
34:16 Guard Tower
34:19 Scout Tower
34:37 Guard Tower
34:37 Guard Tower
34:42 Scout Tower
35:00 Guard Tower
35:00 Guard Tower
35:29 Lumber Mill
37:39 Blacksmith
39:36 Town Hall
40:15 Town Hall
BigJake (
teal | 45 APM | 2112 actions | 47:10)
10 Archmage
3 Summon Water Elemental
3 Brilliance Aura
1 Mass Teleport
3 Blizzard
» actions
| Assign group hotkey | 90 | |
| Basic commands | 155 | |
| Build / train | 76 | |
| Enter build submenu | 36 | |
| Enter hero's abilities submenu | 10 | |
| Give item / drop item | 10 | |
| Right click | 848 | |
| Select / deselect | 410 | |
| Select group hotkey | 328 | |
| Use ability | 148 | |
2112 total
» units
| Peasant | 12 | |
| Footman | 4 | |
| Goblin Shredder | 1 | |
| Goblin Zeppelin | 1 | |
| Gryphon Rider | 6 | |
| Goblin Sapper | 3 | |
| Green Dragon | 2 | |
29 total
» upgrades
| Swords | 3 | |
| Armor | 3 | |
| Animal War Training | 1 | |
| Storm Hammers | 1 | |
| Cloud | 1 | |
9 total
» buildings
| Altar of Kings | 1 | |
| Barracks | 1 | |
| Farm | 7 | |
| Arcane Vault | 1 | |
| Keep | 1 | |
| Lumber Mill | 1 | |
| Town Hall | 6 | |
| Scout Tower | 13 | |
| Guard Tower | 3 | |
| Castle | 1 | |
| Blacksmith | 2 | |
| Gryphon Aviary | 4 | |
| Workshop | 2 | |
43 total
» build order
00:39 Altar of Kings
00:40 Barracks
00:50 Farm
00:51 Farm
01:05 Farm
01:38 Farm
03:05 Arcane Vault
03:43 Keep
03:51 Lumber Mill
04:17 Town Hall
04:29 Scout Tower
04:31 Scout Tower
04:32 Scout Tower
04:36 Scout Tower
05:55 Guard Tower
06:21 Castle
06:26 Blacksmith
06:29 Blacksmith
08:50 Gryphon Aviary
08:52 Gryphon Aviary
08:55 Gryphon Aviary
08:57 Gryphon Aviary
09:19 Farm
18:51 Scout Tower
18:51 Scout Tower
18:51 Scout Tower
18:52 Scout Tower
18:52 Scout Tower
18:53 Scout Tower
18:53 Scout Tower
18:54 Scout Tower
18:55 Scout Tower
22:02 Guard Tower
23:34 Workshop
23:35 Workshop
24:59 Farm
25:00 Farm
26:14 Town Hall
27:15 Town Hall
28:23 Town Hall
30:14 Town Hall
33:50 Town Hall
38:39 Guard Tower
» items
| Scroll of Regeneration | 11 | |
| Mechanical Critter | 4 | |
| Potion of Healing | 4 | |
| Scroll of Town Portal | 1 | |
| Staff of Sanctuary | 2 | |
22 total
yoshi (
pink | 54 APM | 933 actions | 17:08)
5 Archmage
3 Summon Water Elemental
1 Brilliance Aura
1 Blizzard
» actions
| Assign group hotkey | 10 | |
| Basic commands | 15 | |
| Build / train | 44 | |
| Enter build submenu | 24 | |
| Enter hero's abilities submenu | 5 | |
| Right click | 460 | |
| Select / deselect | 196 | |
| Select group hotkey | 140 | |
| Use ability | 39 | |
933 total
» units
| Peasant | 11 | |
| Footman | 1 | |
| Rifleman | 12 | |
24 total
» upgrades
| Gunpowder | 3 | |
| Long Rifles | 1 | |
| Armor | 1 | |
5 total
» buildings
| Farm | 10 | |
| Scout Tower | 4 | |
| Lumber Mill | 2 | |
| Arcane Tower | 1 | |
| Altar of Kings | 1 | |
| Barracks | 2 | |
| Blacksmith | 1 | |
| Keep | 1 | |
| Arcane Vault | 1 | |
| Town Hall | 1 | |
| Castle | 1 | |
| Guard Tower | 1 | |
26 total
» build order
00:31 Farm
00:40 Scout Tower
00:54 Lumber Mill
01:18 Arcane Tower
01:21 Farm
01:25 Altar of Kings
02:04 Farm
02:47 Barracks
03:55 Blacksmith
03:58 Farm
04:10 Barracks
04:12 Keep
04:49 Arcane Vault
05:11 Farm
05:32 Farm
06:24 Scout Tower
06:53 Scout Tower
07:53 Town Hall
09:13 Farm
09:14 Castle
10:19 Farm
11:18 Scout Tower
12:19 Guard Tower
14:06 Farm
14:14 Lumber Mill
15:06 Farm
» items
| Scroll of Regeneration | 3 | |
| Lesser Clarity Potion | 1 | |
| Orb of Fire | 1 | |
5 total

»
Hawk (
yellow | 22 APM | 578 actions | 26:14)
6 Paladin
2 Divine Shield
3 Devotion Aura
1 Resurrection
1 Archmage
1 Mass Teleport
» actions
| Basic commands | 9 | |
| Build / train | 74 | |
| Enter build submenu | 33 | |
| Enter hero's abilities submenu | 7 | |
| Give item / drop item | 10 | |
| Remove unit from queue | 2 | |
| Right click | 123 | |
| Select / deselect | 271 | |
| Use ability | 49 | |
578 total
» units
| Peasant | 12 | |
| Footman | 10 | |
| Rifleman | 13 | |
| Knight | 12 | |
47 total
» upgrades
| Gunpowder | 1 | |
| Armor | 1 | |
| Lumber Harvesting | 2 | |
| Masonry | 1 | |
| Swords | 1 | |
| Plating | 1 | |
| Animal War Training | 1 | |
| Long Rifles | 1 | |
9 total
» buildings
| Altar of Kings | 1 | |
| Barracks | 2 | |
| Farm | 13 | |
| Lumber Mill | 1 | |
| Arcane Vault | 1 | |
| Blacksmith | 1 | |
| Keep | 1 | |
| Scout Tower | 4 | |
| Town Hall | 5 | |
| Guard Tower | 3 | |
| Castle | 1 | |
33 total
» build order
00:51 Altar of Kings
00:57 Barracks
01:12 Farm
01:41 Barracks
01:51 Lumber Mill
02:11 Arcane Vault
02:17 Farm
03:07 Farm
03:33 Blacksmith
03:46 Farm
03:50 Farm
05:17 Keep
05:28 Farm
08:48 Scout Tower
08:52 Scout Tower
08:55 Scout Tower
08:58 Scout Tower
09:33 Town Hall
09:41 Town Hall
10:02 Guard Tower
11:14 Guard Tower
11:25 Castle
12:54 Guard Tower
15:27 Farm
15:31 Farm
15:37 Farm
15:50 Farm
16:45 Farm
17:05 Town Hall
18:24 Farm
19:58 Farm
23:04 Town Hall
23:24 Town Hall
» items
| Ivory Tower | 4 | |
| Scroll of Regeneration | 1 | |
5 total
Chat log
(00:35 / All) BigJake: UAAAAHHHHH WHAT A RUSH!
(00:58 / All) ZELDA-FANBOY.: what is everyone's favorite patriotic movie? Mine is independence day
(01:05 / All) yoshi: hmm
(01:09 / All) yoshi: one with
(01:12 / All) yoshi: tha patriot
(01:13 / All) BigJake: Gangs of New York
(01:16 / All) yoshi: is bad ass
(01:27 / All) fearmeplz-puff: birth of a nation
(01:31 / All) ZELDA-FANBOY.: mel gibson one u mean?
(01:34 / All) BigJake: Good pick purple
(01:36 / All) yoshi: Ye
(01:41 / All) mooner: I like the ones where the americans get their asses kicked
(01:41 / All) fearmeplz-puff: rofl
(01:47 / All) ZELDA-FANBOY.: a fine answer
(01:52 / All) mooner: viet nam
(02:00 / All) yoshi: any other ones blue?
(02:02 / All) mooner: pearl hartbour
(02:06 / All) yoshi: lol
(02:07 / All) yoshi: fag boy
(02:17 / All) mooner: dude u assume we're americans
(02:31 / All) yoshi: i assume u a fag boy
(02:35 / All) fearmeplz-puff: ooooooh
(02:45 / All) mooner: only fags would
(02:51 / All) ZELDA-FANBOY.: gentlemen gentlemen, lets be civilized
(02:54 / All) ZELDA-FANBOY.: there is a lady watching
(02:56 / All) ZELDA-FANBOY.: my mother
(03:04 / All) mooner: kinda like ur day dreams about other boys are sexual
(03:21 / All) yoshi: blue
(03:25 / All) yoshi: wtf u talkin about
(03:49 / Allies) yoshi: i dont understand broken englsih
(03:59 / All) mooner: says the jap
(09:41 / All) mooner: fuck
(09:46 / All) mooner: red is using the bm hack
(13:42 / Allies) yoshi: blue
(13:45 / Allies) yoshi: the fuck u doing?
(13:48 / Allies) yoshi: get units
(13:56 / All) yoshi: lol
(13:57 / All) yoshi: blue
(14:04 / All) mooner: so much for maphack u pricks
(15:11 / All) mooner: pick just attacked me
(15:23 / All) mooner: pink just attacked me
(15:26 / All) yoshi: ?
(15:32 / All) mooner: pink is backstabbing like the jap he is
(15:54 / All) yoshi: go tanks go
(18:22 / All) BigJake: lawl which one of yous has mh?
(20:25 / Allies) BigJake: take shade to orange base
(24:08 / Allies) mooner: good i got u moving
(27:26 / Allies) mooner: gryphon at ur base
(27:39 / Allies) BigJake: it's healing
(37:15 / All) ZELDA-FANBOY.: blue and green how much do u 2 want the win
(37:52 / All) mooner: u offering to stop bm hacking?
(38:05 / All) ZELDA-FANBOY.: bm hack= skill u mean
(38:10 / All) mooner: lol
(38:24 / All) mooner: ur a shitty player dude - the only way u could win is to hack
(38:34 / All) ZELDA-FANBOY.: i think not
(38:39 / All) mooner: dude
(38:42 / All) mooner: u suck
(38:45 / All) orcblood: i think red can win aline
(38:47 / All) ZELDA-FANBOY.: u expo'd in the middle of the map, a highly contested area
(38:48 / All) orcblood: alone
(38:51 / All) ZELDA-FANBOY.: chances are its gonna be found
(38:55 / All) mooner: u hack = u suck
(39:09 / All) mooner: we good players dont cheat those we play with
(39:30 / All) ZELDA-FANBOY.: i dotn even remember uhaving an army blue
(39:32 / All) ZELDA-FANBOY.: ghouls
(40:08 / All) mooner: time to leave dude
(40:24 / All) ZELDA-FANBOY.: answer me please, y only ghouls
(40:30 / All) mooner: dude?
(40:49 / All) mooner: ahhh now teal is backstabbing
(41:00 / All) BigJake: you've been hoodwinked
(41:01 / All) mooner: he wants the ladder to himself
(41:06 / All) BigJake: you've been cornwaggled
(41:11 / All) mooner: just killed off yellow's peons
(41:11 / All) ZELDA-FANBOY.: we're both tking ourselves
(41:17 / All) mooner: fuck u tea;l
(41:25 / All) ZELDA-FANBOY.: we're gonna kill all units and leave the game, best internet connection wins
(41:25 / All) BigJake: How does it feel to be cornswaggled, my dear man?
(43:00 / All) BigJake: YOU HAVE BEEN BAMBOOZLED! THE WOOL PULLED RIGHT OVER YOUR EYES MY DEAR CHUM!
(43:13 / All) BigJake: You have been humorously decepted!
(43:39 / Allies) mooner: lol
(43:41 / All) mooner: lol
(43:51 / All) mooner: plan's not working so well eh?
(44:14 / All) mooner: least now we know who the clones are
(44:56 / All) mooner: its u and me teal
(45:01 / All) ZELDA-FANBOY.: naw
(45:06 / All) ZELDA-FANBOY.: its gonna be u and green in 2 min lol
(45:19 / All) mooner: lol
(45:22 / All) mooner: sucker'
(45:29 / All) BigJake: We've been playing a game all along, a game with a game, called humorous deception
(45:36 / All) BigJake: soon we'll be playing standoff, at least you will
(45:47 / All) mooner: I know I have played both of u many times before
(45:53 / All) ZELDA-FANBOY.: wuts ur aka
(46:00 / All) mooner: ur not that bright without ur hacks
(46:17 / All) mooner: I have goaded u into games and kicked both ur asses
(46:23 / All) mooner: ur too stupid
(46:29 / All) mooner: u have no skills without hacks
(46:40 / All) BigJake: I'm perfectly legitimate madam
(46:47 / All) mooner: ur not
(46:55 / All) BigJake: Indeed I am
(46:57 / All) mooner: ur a cheat
(46:58 / All) ZELDA-FANBOY.: gl green and blue
(47:02 / All) ZELDA-FANBOY.: we'll whisper u tomorrow
(47:05 / All) ZELDA-FANBOY.: if this game is sitll on
(47:08 / All) mooner: u are useless with out ur hack
(47:09 / All) BigJake: I have a certificate of authenticity from the Warcraft Institute of Fair Gaming